SAAA
NOLENSVILLE KNIGHTS @ SCRANTON SUPERNOVAS
05/22/2041
 
TOP OF THE 1ST
Nolensville Knights batting - Pitching for Scranton Supernovas : RHP Gonzalo Hernández
Pitching: RHP Gonzalo Hernández
Batting: LHB Brenton Winston 0-0: Ball
1-0: Foul Ball, location: 2F
1-1: Ball
2-1: Ball
3-1: Called Strike
3-2: Base on Balls
Batting: RHB Dale Goodman 0-0: Fielders Choice at 2nd, 6-4 (Groundball, 56, EV 84.4 MPH)
Batting: LHB Juan Jimínez 0-0: Foul Ball, location: 2F
0-1: Foul Ball, location: 2F
0-2: Ball
1-2: Ball
2-2: Ball
3-2: Base on Balls
Dale Goodman to second
Batting: LHB Ánibal Leobardo 0-0: Ball
1-0: Ball
2-0: Fly out, F8 (Flyball, 8LM, EV 88.1 MPH)
Batting: RHB Ace Felder 0-0: Ball
1-0: Ball
2-0: Called Strike
2-1: Swinging Strike
2-2: Ball
3-2: Strikes out swinging
Top of the 1st over - 0 runs, 0 hits, 0 errors, 2 left on base; Nolensville 0 - Scranton 0
BOTTOM OF THE 1ST
Scranton Supernovas batting - Pitching for Nolensville Knights : RHP Joe Holland
Pitching: RHP Joe Holland
Batting: LHB Ruhinda Kirkconnell 0-0: Called Strike
0-1: Ball
1-1: Ball
2-1: Ball
3-1: Foul Ball, location: 2F
3-2: Base on Balls
Batting: RHB Kevin Baxter 0-0: Ball
1-0: Fielders Choice at 2nd, 6-4 (Groundball, 6, EV 86.9 MPH)
Batting: LHB Mario Ramos 0-0: Ball
1-0: Called Strike
1-1: Swinging Strike
1-2: Ball
2-2: Foul Ball, location: 2F
2-2: Foul Ball, location: 2F
2-2: Foul Ball, location: 2F
2-2: Ball
3-2: Foul Ball, location: 2F
3-2: Base on Balls
Kevin Baxter to second
Batting: LHB Tadayoshi Watanabe 0-0: Foul Ball, location: 2F
0-1: Foul Ball, location: 2F
0-2: Strikes out swinging
Batting: LHB Robby Sinor 0-0: Called Strike
0-1: Ball
1-1: Ball
2-1: Ball
3-1: Swinging Strike
3-2: Base on Balls
Kevin Baxter to third
Mario Ramos to second
Batting: RHB John Willoughby 0-0: Called Strike
0-1: Called Strike
0-2: Ball
1-2: Ball
2-2: Foul Ball, location: 2F
2-2: Fielders Choice at 2nd, 6-4 (Groundball, 6, EV 83.1 MPH)
Bottom of the 1st over - 0 runs, 0 hits, 0 errors, 3 left on base; Nolensville 0 - Scranton 0
TOP OF THE 2ND
Nolensville Knights batting - Pitching for Scranton Supernovas : RHP Gonzalo Hernández
Batting: RHB Carlos Garza 0-0: Ball
1-0: SINGLE (Line Drive, 3D, EV 96.2 MPH)
Batting: RHB Bob Hill 0-0: Swinging Strike
0-1: Swinging Strike
0-2: Ball
1-2: Strikes out swinging
Batting: RHB Juan Perales 0-0: Called Strike
0-1: Ball
1-1: Ball
2-1: Foul Ball, location: 2F
2-2: SINGLE (Line Drive, 34D, EV 98.1 MPH)
Carlos Garza to second
Batting: RHB José García 0-0: Called Strike
0-1: Ball
1-1: SINGLE (Groundball, 6MD, EV 97.5 MPH)
Carlos Garza to third
Juan Perales to second
Runner from 3rd tries for Home, throw by CF and OUT! 8-2
Batting: LHB Brenton Winston 0-0: Ball
1-0: Ball
2-0: Swinging Strike
2-1: Ball
3-1: SINGLE (Line Drive, 89S, EV 101.9 MPH)
Juan Perales to third
José García to second
Runner from 3rd tries for Home, SAFE, throw by CF to home
Batting: RHB Dale Goodman 0-0: Ball
1-0: Fly out, F8 (Flyball, 8RM, EV 94.4 MPH)
Top of the 2nd over - 1 run, 4 hits, 0 errors, 2 left on base; Nolensville 1 - Scranton 0
BOTTOM OF THE 2ND
Scranton Supernovas batting - Pitching for Nolensville Knights : RHP Joe Holland
Batting: LHB Samual Johnson 0-0: Called Strike
0-1: Foul Ball, location: 2F
0-2: Foul Ball, location: 2F
0-2: Fly out, F8 (Flyball, 89D, EV 81.9 MPH)
Batting: RHB Yu-shu Tseng 0-0: Ball
1-0: Called Strike
1-1: Called Strike
1-2: Strikes out swinging
Batting: RHB Domingo Cabrera 0-0: Ball
1-0: Foul Ball, location: 2F
1-1: Ground out 4-3 (Groundball, 4, EV 81.9 MPH)
Bottom of the 2nd over - 0 runs, 0 hits, 0 errors, 0 left on base; Nolensville 1 - Scranton 0
TOP OF THE 3RD
Nolensville Knights batting - Pitching for Scranton Supernovas : RHP Gonzalo Hernández
Batting: LHB Juan Jimínez 0-0: Called Strike
0-1: Foul Ball, location: 2F
0-2: Foul Ball, location: 2F
0-2: Ball
1-2: Ground out 4-3 (Groundball, 4, EV 79.4 MPH)
Batting: LHB Ánibal Leobardo 0-0: Called Strike
0-1: Ball
1-1: Fly out, F1 (Line Drive, P, EV 69.4 MPH)
Batting: RHB Ace Felder 0-0: Ball
1-0: Ball
2-0: Ball
3-0: Base on Balls
Batting: RHB Carlos Garza 0-0: Swinging Strike
0-1: Ball
1-1: Fly out, F8 (Flyball, 8LS, EV 85.6 MPH)
Top of the 3rd over - 0 runs, 0 hits, 0 errors, 1 left on base; Nolensville 1 - Scranton 0
BOTTOM OF THE 3RD
Scranton Supernovas batting - Pitching for Nolensville Knights : RHP Joe Holland
Batting: LHB Ruhinda Kirkconnell 0-0: Called Strike
0-1: Ball
1-1: Foul Ball, location: 2F
1-2: Ball
2-2: Strikes out looking
Batting: RHB Kevin Baxter 0-0: TRIPLE (Line Drive, 8RXD, EV 105.0 MPH)
Batting: LHB Mario Ramos 0-0: Ball
1-0: Ball
2-0: Called Strike
2-1: Foul Ball, location: 2F
2-2: SINGLE (Groundball, 4, EV 105.0 MPH) (infield hit)
Kevin Baxter scores
Batting: LHB Tadayoshi Watanabe 0-0: Called Strike
0-1: Ball
1-1: Foul Ball, location: 2F
1-2: Ball
2-2: Fly out, F7 (Flyball, 7LS, EV 88.8 MPH)
Batting: LHB Robby Sinor 0-0: Ball
1-0: Swinging Strike
1-1: Called Strike
1-2: Ball
2-2: Ball
3-2: Base on Balls
Mario Ramos to second
Batting: RHB John Willoughby 0-0: Ball
1-0: Swinging Strike
1-1: Foul Ball, location: 2F
1-2: Ball
2-2: Fielders Choice at 2nd, 5-4 (Groundball, 56, EV 86.9 MPH)
Bottom of the 3rd over - 1 run, 2 hits, 0 errors, 2 left on base; Nolensville 1 - Scranton 1
TOP OF THE 4TH
Nolensville Knights batting - Pitching for Scranton Supernovas : RHP Gonzalo Hernández
Batting: RHB Bob Hill 0-0: Foul Ball, location: 2F
0-1: Fly out, F9 (Flyball, 9LS, EV 70.0 MPH)
Batting: RHB Juan Perales 0-0: Ball
1-0: Foul Ball, location: 2F
1-1: SINGLE (Groundball, 4MD, EV 103.1 MPH)
Batting: RHB José García 0-0: Fly out, F7 (Line Drive, 7, EV 96.2 MPH)
Batting: LHB Brenton Winston 0-0: Called Strike
Juan Perales is caught stealing 2nd base 2-6
Top of the 4th over - 0 runs, 1 hit, 0 errors, 0 left on base; Nolensville 1 - Scranton 1
BOTTOM OF THE 4TH
Scranton Supernovas batting - Pitching for Nolensville Knights : RHP Joe Holland
Batting: LHB Samual Johnson 0-0: DOUBLE (Line Drive, 7LS, EV 100.0 MPH)
Batting: RHB Yu-shu Tseng 0-0: Ball
1-0: Ball
2-0: Ball
3-0: Called Strike
3-1: Base on Balls
Batting: RHB Domingo Cabrera 0-0: SINGLE (Groundball, 34S, EV 68.1 MPH) (infield hit)
Samual Johnson to third
Yu-shu Tseng to second
Batting: LHB Ruhinda Kirkconnell 0-0: Called Strike
0-1: Ball
1-1: SINGLE (Groundball, 4, EV 101.2 MPH) (infield hit)
Samual Johnson scores
Yu-shu Tseng to third
Domingo Cabrera to second
Batting: RHB Kevin Baxter 0-0: Foul Ball, location: 2F
0-1: Called Strike
0-2: Fly out, F7 (Flyball, 7, EV 94.4 MPH)
Runner from 3rd tags up, SCORES, throw by LF
Batting: LHB Mario Ramos 0-0: Ball
1-0: Swinging Strike
1-1: Ball
2-1: SINGLE (Line Drive, 8LS, EV 97.5 MPH)
Domingo Cabrera to third
Ruhinda Kirkconnell to second
Runner from 3rd tries for Home, SAFE, throw by CF to home
Batting: LHB Tadayoshi Watanabe 0-0: Ball
1-0: Ball
2-0: Ball
3-0: Base on Balls
Ruhinda Kirkconnell to third
Mario Ramos to second
Batting: LHB Robby Sinor 0-0: Ball
1-0: Called Strike
1-1: Ball
2-1: Swinging Strike
2-2: Foul Ball, location: 2F
2-2: Ball
3-2: Base on Balls
Ruhinda Kirkconnell scores
Mario Ramos to third
Tadayoshi Watanabe to second
Pitching: LHP Freddy Estrada
Batting: RHB John Willoughby 0-0: Ball
1-0: Grounds into double play, 5-4-3 (Groundball, 5, EV 84.4 MPH)
Bottom of the 4th over - 4 runs, 4 hits, 0 errors, 2 left on base; Nolensville 1 - Scranton 5
TOP OF THE 5TH
Nolensville Knights batting - Pitching for Scranton Supernovas : RHP Gonzalo Hernández
Batting: LHB Brenton Winston 0-0: Ball
1-0: Ball
2-0: Called Strike
2-1: SINGLE (Groundball, 34S, EV 89.4 MPH) (infield hit)
Batting: RHB Dale Goodman 0-0: Ball
1-0: Called Strike
Brenton Winston steals 2nd base
1-1: Ground out 6-3 (Groundball, 6, EV 92.5 MPH)
Brenton Winston to third
Batting: LHB Juan Jimínez 0-0: Called Strike
0-1: Swinging Strike
0-2: Ball
1-2: Ball
2-2: Strikes out swinging
Batting: LHB Ánibal Leobardo 0-0: Foul Ball, location: 2F
0-1: Swinging Strike
0-2: Ball
1-2: Strikes out looking
Top of the 5th over - 0 runs, 1 hit, 0 errors, 1 left on base; Nolensville 1 - Scranton 5
BOTTOM OF THE 5TH
Scranton Supernovas batting - Pitching for Nolensville Knights : LHP Freddy Estrada
Batting: LHB Samual Johnson 0-0: Fly out, F3 (Popup, 3F, EV 73.1 MPH)
Batting: RHB Yu-shu Tseng 0-0: Ball
1-0: Foul Ball, location: 2F
1-1: Ball
2-1: Ball
3-1: Called Strike
3-2: Base on Balls
Batting: RHB Domingo Cabrera 0-0: Ball
1-0: Called Strike
1-1: Swinging Strike
1-2: Ball
Yu-shu Tseng steals 2nd base
2-2: Ground out 4-3 (Groundball, 4, EV 78.8 MPH)
Yu-shu Tseng to third
Batting: LHB Ruhinda Kirkconnell 0-0: Swinging Strike
0-1: Foul Ball, location: 2F
0-2: Ball
1-2: Strikes out swinging
Bottom of the 5th over - 0 runs, 0 hits, 0 errors, 1 left on base; Nolensville 1 - Scranton 5
TOP OF THE 6TH
Nolensville Knights batting - Pitching for Scranton Supernovas : RHP Gonzalo Hernández
Batting: RHB Ace Felder 0-0: Ground out 5-3 (Groundball, 5L, EV 86.2 MPH)
Batting: RHB Carlos Garza 0-0: Swinging Strike
0-1: Ball
1-1: Swinging Strike
1-2: Strikes out looking
Batting: RHB Bob Hill 0-0: Called Strike
0-1: Ball
1-1: Ball
2-1: DOUBLE (Flyball, 9LD, EV 113.1 MPH) - OUT at third base trying to stretch hit.
Top of the 6th over - 0 runs, 1 hit, 0 errors, 0 left on base; Nolensville 1 - Scranton 5
BOTTOM OF THE 6TH
Scranton Supernovas batting - Pitching for Nolensville Knights : LHP Freddy Estrada
Batting: RHB Kevin Baxter 0-0: Called Strike
0-1: Foul Ball, location: 2F
0-2: Foul Ball, location: 2F
0-2: Foul Ball, location: 2F
0-2: Ball
1-2: Ball
2-2: Strikes out swinging passed ball, reaches first!
Batting: LHB Mario Ramos 0-0: Ball
1-0: Ball
2-0: Called Strike
2-1: Swinging Strike
2-2: Strikes out swinging
Batting: LHB Tadayoshi Watanabe 0-0: Swinging Strike
0-1: Foul Ball, location: 2F
0-2: Foul Ball, location: 2F
0-2: Ball
1-2: Ball
2-2: Foul Ball, location: 2F
2-2: Ball
3-2: Fly out, F8 (Flyball, 8LXD, EV 95.6 MPH)
Runner from 1st tags up, SAFE at 2nd
Batting: LHB Robby Sinor 0-0: Ball
1-0: Ball
2-0: SINGLE (Groundball, 4, EV 88.1 MPH) (infield hit)
Kevin Baxter to third
Batting: RHB John Willoughby 0-0: Ball
1-0: Ball
2-0: Called Strike
2-1: Fielders Choice at 2nd, 6-4 (Groundball, 6, EV 85.0 MPH)
Bottom of the 6th over - 0 runs, 1 hit, 0 errors, 2 left on base; Nolensville 1 - Scranton 5
TOP OF THE 7TH
Nolensville Knights batting - Pitching for Scranton Supernovas : RHP Gonzalo Hernández
Batting: RHB Juan Perales 0-0: Called Strike
0-1: Fly out, F7 (Flyball, 78S, EV 96.2 MPH)
Batting: RHB José García 0-0: Ball
1-0: Ball
2-0: SINGLE (Groundball, 6D, EV 97.5 MPH)
Batting: LHB Brenton Winston 0-0: Foul Ball, location: 2F
0-1: SINGLE (Line Drive, 7LS, EV 96.9 MPH)
José García to second
Batting: RHB Dale Goodman 0-0: Foul Ball, location: 2F
0-1: SINGLE (Line Drive, 4MD, EV 104.4 MPH)
José García to third
Brenton Winston to second
Pitching: LHP José González
Batting: LHB Juan Jimínez 0-0: Swinging Strike
0-1: Ball
1-1: Foul Ball, location: 2F
1-2: SINGLE (Groundball, 34D, EV 98.1 MPH)
José García scores
Brenton Winston to third
Dale Goodman to second
Runner from 3rd tries for Home, SAFE, no throw by RF
Pinch Hitting: RHB Dave Maxwell 0-0: Called Strike
Dale Goodman steals 3rd base
Juan Jimínez to second
0-1: Ball
1-1: Ball
2-1: Ground out 4-3 (Groundball, 34, EV 106.2 MPH)
Dale Goodman scores
Juan Jimínez to third
Batting: RHB Ace Felder 0-0: Ball
1-0: Fly out, F7 (Flyball, 7S, EV 85.0 MPH)
Top of the 7th over - 3 runs, 4 hits, 0 errors, 1 left on base; Nolensville 4 - Scranton 5
BOTTOM OF THE 7TH
Scranton Supernovas batting - Pitching for Nolensville Knights : LHP Freddy Estrada
Now in CF: Mitchell Pate
Batting: LHB Samual Johnson 0-0: Called Strike
0-1: Foul Ball, location: 2F
0-2: SOLO HOME RUN (Flyball, 7D, EV 90.0 MPH), Distance : 398 ft
Batting: RHB Yu-shu Tseng 0-0: Ball
1-0: Ball
2-0: Ground out 4-3 (Groundball, 4M, EV 87.5 MPH)
Batting: RHB Domingo Cabrera 0-0: Ball
1-0: Ball
2-0: Swinging Strike
2-1: Foul Ball, location: 2F
2-2: Ground out 1-3 (Groundball, 15, EV 91.2 MPH)
Batting: LHB Ruhinda Kirkconnell 0-0: Ball
1-0: Called Strike
1-1: Foul Ball, location: 2F
1-2: Foul Ball, location: 2F
1-2: Ball
2-2: Strikes out looking
Bottom of the 7th over - 1 run, 1 hit, 0 errors, 0 left on base; Nolensville 4 - Scranton 6
TOP OF THE 8TH
Nolensville Knights batting - Pitching for Scranton Supernovas : LHP José González
Now at 3B: Yi-da Yee
Now in RF: José Pinto
Batting: RHB Carlos Garza 0-0: Ball
1-0: SINGLE (Line Drive, 9S, EV 85.6 MPH)
Batting: RHB Bob Hill 0-0: Swinging Strike
0-1: Ball
1-1: Foul Ball, location: 2F
1-2: Strikes out swinging
Batting: RHB Juan Perales 0-0: Swinging Strike
0-1: Fly out, F7 (Flyball, 78D, EV 96.2 MPH)
Batting: RHB José García 0-0: Fielders Choice at 2nd, U6 (Groundball, 6M, EV 109.4 MPH)
Top of the 8th over - 0 runs, 1 hit, 0 errors, 1 left on base; Nolensville 4 - Scranton 6
BOTTOM OF THE 8TH
Scranton Supernovas batting - Pitching for Nolensville Knights : LHP Freddy Estrada
Batting: RHB Kevin Baxter 0-0: Called Strike
0-1: Swinging Strike
0-2: Ball
1-2: Ball
2-2: Ground out 3-1 (Groundball, 34, EV 90.0 MPH)
Batting: LHB Mario Ramos 0-0: Ball
1-0: Ball
2-0: Called Strike
2-1: Called Strike
2-2: Ball
3-2: Strikes out swinging
Batting: LHB Tadayoshi Watanabe 0-0: Swinging Strike
0-1: Swinging Strike
0-2: Ground out 4-3 (Groundball, 4, EV 110.0 MPH)
Bottom of the 8th over - 0 runs, 0 hits, 0 errors, 0 left on base; Nolensville 4 - Scranton 6
TOP OF THE 9TH
Nolensville Knights batting - Pitching for Scranton Supernovas : LHP José González
Pitching: RHP Butch Cummings
Now at 1B: José Ortega
Batting: LHB Brenton Winston 0-0: Called Strike
0-1: Foul Ball, location: 2F
0-2: Strikes out looking
Batting: RHB Dale Goodman 0-0: SINGLE (Line Drive, 8LS, EV 91.9 MPH)
Batting: LHB Juan Jimínez 0-0: Ball
1-0: Grounds into double play, 4-6-3 (Groundball, 4, EV 96.2 MPH)
Top of the 9th over - 0 runs, 1 hit, 0 errors, 0 left on base; Nolensville 4 - Scranton 6
Tuesday, January 5th, 2021 - OOTP Baseball 20.8 Build 74